 Dungeon Crawl Stone Soup version 0.17.1-2-g5865329 (webtiles) character file.

40079 lyrx the Executioner (level 14, -3/104 HPs)
             Began as a Hill Orc Berserker on Feb 8, 2016.
             Was a High Priest of Trog.
             Slain by a dire elephant (14 damage)
             ... on level 15 of the Dungeon on Feb 9, 2016.
             The game lasted 01:58:41 (11824 turns).

lyrx the Executioner (Hill Orc Berserker)          Turns: 11824, Time: 01:58:41

Health: -3/104     AC: 30    Str: 28    XL:     14   Next: 9%
Magic:  0/14       EV:  8    Int:  7    God:    Trog [*****.]
Gold:   271        SH:  0    Dex:  6    Spells: 0 memorised, 13 levels left

rFire  + . .     SeeInvis .     O - +4 executioner's axe (flame)
rCold  . . .     Clarity  .     z - +2 plate armour {MR+}
rNeg   . . .     SustAt   .     (shield currently unavailable)
rPois  .         Gourm    .     (no helmet)
rElec  .         Spirit   +     D - +2 cloak
rCorr  .         Warding  .     n - +2 pair of gloves {Str+3}
rMut   .         Stasis   .     M - +2 pair of boots
MR     +++++                    h - amulet of guardian spirit
Stlth  ..........               G - ring of protection from fire
                                j - +2 ring of protection

@: exhausted, regenerating, slowed, very slow, almost entirely resistant to
hostile enchantments, extremely unstealthy
A: talons 1, molten scales 1, blurry vision 1, breathe flames 1, clumsy 2, magic
resistance 1, regeneration 1
a: Berserk, Trog's Hand, Brothers in Arms, Burn Spellbooks, Renounce Religion,
Breathe Fire


You were on level 15 of the Dungeon.
You worshipped Trog.
Trog was extremely pleased with you.
You were very hungry.

You visited 2 branches of the dungeon, and saw 16 of its levels.

You collected 938 gold pieces.
You spent 667 gold pieces at shops.

Inventory:

Hand Weapons
 g - a +4 antimagic battleaxe
 O - a +4 executioner's axe of flaming (weapon)
 P - a +0 greatsling
 R - the +5 battleaxe of Fimp {vamp, rC+ MR+}
   (Trog gifted it to you on level 14 of the Dungeon)

   It inflicts no extra harm, but heals its wielder somewhat when it strikes a
   living foe.
   It protects you from cold.
   It affects your resistance to hostile enchantments.
Missiles
 p - 94 sling bullets
 u - 352 stones (quivered)
 x - 3 throwing nets
Armour
 n - a +2 pair of gloves of strength (worn)
 z - a +2 plate armour of magic resistance (worn)
 D - a +2 cloak (worn)
 M - a +2 pair of boots (worn)
Jewellery
 h - an amulet of guardian spirit (around neck)
 j - a +2 ring of protection (left hand)
 o - an uncursed ring of sustain attributes
 r - an uncursed amulet of the gourmand
 s - an uncursed ring of invisibility
 G - a ring of protection from fire (right hand)
 I - an uncursed ring of ice
Wands
 k - a wand of draining (11)
 A - a wand of draining (10)
 E - a wand of disintegration (9)
 F - a wand of confusion (25)
 H - a wand of cold (10)
 J - a wand of lightning (5)
Scrolls
 a - a scroll of blinking
 b - a scroll of recharging
 e - 2 scrolls of immolation
 l - 6 scrolls of identify
 m - a scroll of remove curse
 t - a scroll of brand weapon
 v - a scroll of fear
 y - 2 scrolls of teleportation
 C - a scroll of magic mapping
 L - 2 scrolls of fog
Potions
 w - a potion of curing
Miscellaneous
 K - a fan of gales (inert)
Comestibles
 c - 11 bread rations
 d - 4 meat rations
 f - 6 chunks of flesh
 B - 5 slices of pizza


   Skills:
 - Level 4.0 Fighting
 * Level 24.3 Axes
 + Level 11.7 Armour
 - Level 2.0 Dodging
 + Level 0.4 Evocations


You had 13 spell levels left.
You didn't know any spells.

Dungeon Overview and Level Annotations

Branches:
Dungeon (15/15)            Temple (1/1) D:4            Lair (0/8) D:9
    Orc (0/4) D:10         Vaults (0/5) D:14
 Depths: D:15

Altars:
Ashenzari
Cheibriados
Dithmenos
Elyvilon
Fedhas
Gozag
Kikubaaqudgha
Makhleb
Nemelex Xobeh
Okawaru
Qazlal
Ru
Sif Muna
Trog
Vehumet
Xom
Yredelemnul
Zin
The Shining One

Shops:
D:5 !   D:10 }   D:12 [   D:14 !


Innate Abilities, Weirdness & Mutations

You have sharp toenails.
You are partially covered in molten scales (AC +1).
Scrolls take you a little longer to read.
You can breathe flames.
You are very clumsy. (Dex -4)
You are resistant to hostile enchantments.
Your natural rate of healing is unusually fast.


Message History

You are feeling very hungry.
Your air elemental hits the green ugly thing! x2
The green ugly thing dies!
Trog accepts your kill. The dire elephant barely misses you.
The dire elephant trunk-slaps you.
The red ugly thing misses your air elemental.
The red ugly thing trunk-slaps you.
You are engulfed in flames!
You resist.
* * * LOW HITPOINT WARNING * * *
A five-headed hydra comes into view.
Your two-headed ogre goes berserk!
You feel somewhat more hungry.
Your air elemental hits the dire elephant! x2
The dire elephant tramples you!!
* * * LOW HITPOINT WARNING * * *
You stumble backwards!
Your air elemental hits the red ugly thing!
The red ugly thing trunk-slaps your two-headed ogre.
Your two-headed ogre is engulfed in flames!
The dire elephant tramples you!
You die...

############################
..........O@†.......<.......
.........uY)...........#####
........Eu###########))#
..........# #))#
..........####### #..#
......................[.....
.........D..................
....................########
#######.............


You could see a dire elephant, 2 ugly things, a friendly air elemental and a
friendly two-headed ogre (berserk).

Vanquished Creatures
  An angel (D:14)
  Josephine (D:14)
  Fannar (D:11)
  4 centaur warriors
  An ogre mage (D:13)
  A tengu warrior (D:14)
  4 skeletal warriors
  2 unseen horrors
  2 orc knights
  Pikel (D:7)
  4 hill giants
  A cyclops (D:13)
  A manticore (D:14)
  2 gargoyles
  13 ugly things
  A guardian serpent (D:12)
  A komodo dragon (D:15)
  A tengu conjurer (D:14)
  A deep elf priest (D:9)
  9 slime creatures
  3 two-headed ogres (D:13)
  A troll (D:12)
  Grinder (D:6)
  A freezing wraith (D:14)
  6 wraiths
  3 wyverns
  A deep elf fighter (D:14)
  31 yaks
  A deep elf mage (D:12)
  17 humans
  8 vampire mosquitoes
  A basilisk (D:9)
  A hungry ghost (D:12)
  Menkaure (D:7)
  A hog (D:8)
  3 hippogriffs
  A warg (D:15)
  2 water moccasins
  2 eyes of draining
  11 ogres
  5 porcupines (D:9)
  A slave (D:7)
  4 sky beasts
  An ice beast (D:13)
  A wasp (D:14)
  6 orc warriors
  A black bear (D:10)
  A phantom (D:7)
  4 boggarts (D:11)
  4 centaurs
  5 crocodiles (D:9)
  3 big kobolds
  A gnoll sergeant (D:8)
  A big kobold (shapeshifter) (D:14)
  A giant frog (D:13)
  3 scorpions
  A water moccasin zombie (D:7)
  9 killer bees
  5 wights (D:12)
  A crimson imp (D:10)
  A centaur skeleton (D:5)
  3 centaur zombies
  A jelly (D:8)
  A quasit (D:13)
  7 worker ants
  A giant frog zombie (D:13)
  7 hounds
  2 giant frog skeletons
  Natasha (thrice) (D:3)
  5 orc priests
  10 orc wizards
  2 sheep (D:8)
  A worker ant zombie (D:6)
  2 river rats (D:9)
  3 gnolls (D:8)
  9 adders
  4 shadow imps
  2 adder skeletons
  2 adder zombies (D:8)
  2 worms
  8 giant geckos
  59 orcs
  2 ball pythons
  9 bats
  8 giant cockroaches
  5 goblins
  7 hobgoblins
  20 jackals
  33 kobolds
  5 quokkas
  A ball python zombie (D:5)
  5 giant newts
  A jackal skeleton (D:7)
  A quokka skeleton (D:5)
  5 rats
  14 plants (D:8)
457 creatures vanquished.

Vanquished Creatures (collateral kills)
  An ugly thing (D:15)
1 creature vanquished.

Vanquished Creatures (others)
  A slave (D:7)
  A jackal (D:8)
  3 bushes (D:9)
  4 fungi (D:9)
  5 plants (D:9)
14 creatures vanquished.

Grand Total: 472 creatures vanquished

Notes
Turn   | Place    | Note
--------------------------------------------------------------
     0 | D:1      | lyrx the Hill Orc Berserker began the quest for the Orb.
     0 | D:1      | Reached XP level 1. HP: 19/19 MP: 1/1
   141 | D:1      | Reached XP level 2. HP: 16/27 MP: 2/2
   726 | D:2      | Reached XP level 3. HP: 20/33 MP: 3/3
   806 | D:2      | Reached ** piety under Trog
  1006 | D:2      | Reached skill level 5 in Axes
  1342 | D:2      | Reached XP level 4. HP: 40/40 MP: 4/4
  1606 | D:3      | Found a glowing silver altar of Zin.
  1635 | D:3      | Reached skill level 6 in Axes
  1642 | D:3      | Reached *** piety under Trog
  1645 | D:3      | Reached XP level 5. HP: 42/46 MP: 5/5
  1691 | D:3      | Noticed an angel
  1795 | D:3      | Reached skill level 7 in Axes
  1815 | D:3      | Noticed Natasha
  1827 | D:3      | Killed Natasha
  1827 | D:3      | Reached XP level 6. HP: 52/52 MP: 6/6
  1867 | D:3      | Noticed Natasha
  1870 | D:3      | Killed Natasha
  1885 | D:3      | Noticed Natasha
  1890 | D:3      | Killed Natasha
  1917 | D:3      | Found a glowing golden altar of the Shining One.
  1991 | D:3      | Found a shimmering altar of Xom.
  2157 | D:3      | Found a white marble altar of Elyvilon.
  2158 | D:3      | Found a deep blue altar of Sif Muna.
  2183 | D:3      | Found a sparkling altar of Nemelex Xobeh.
  2293 | D:4      | Reached **** piety under Trog
  2340 | D:4      | Reached skill level 8 in Axes
  2593 | D:4      | Found a staircase to the Ecumenical Temple.
  2609 | Temple   | Entered the Ecumenical Temple
  2811 | D:4      | Reached XP level 7. HP: 59/59 MP: 7/7
  3007 | D:4      | Gained mutation: Your mind is acute. (Int +2) [potion of mutation]
  3007 | D:4      | Gained mutation: Scrolls take you a little longer to read. [potion of mutation]
  3007 | D:4      | Gained mutation: You are clumsy. (Dex -2) [potion of mutation]
  3088 | D:5      | Entered Level 5 of the Dungeon
  3196 | D:5      | Found Pumaum's Distillery.
  3217 | D:5      | Got a jewelled quarterstaff
  3337 | D:5      | Reached skill level 9 in Axes
  3351 | D:5      | Gained mutation: You are partially covered in molten scales (AC +1). [mutagenic meat]
  3352 | D:5      | Gained mutation: You can breathe flames. [mutagenic meat]
  3439 | D:5      | Reached skill level 5 in Armour
  3512 | D:5      | Found a blossoming altar of Fedhas.
  3513 | D:5      | Found a shattered altar of Ashenzari.
  3636 | D:6      | Noticed Grinder
  3654 | D:6      | Killed Grinder
  3654 | D:6      | Reached skill level 10 in Axes
  3654 | D:6      | Reached XP level 8. HP: 66/66 MP: 8/8
  4083 | D:7      | Reached skill level 11 in Axes
  4132 | D:7      | Noticed Menkaure
  4148 | D:7      | Killed Menkaure
  4258 | D:7      | Noticed Pikel
  4283 | D:7      | Killed Pikel
  4283 | D:7      | Reached skill level 12 in Axes
  4283 | D:7      | Reached XP level 9. HP: 71/71 MP: 6/9
  4487 | D:7      | Reached skill level 13 in Axes
  4549 | D:7      | Reached ***** piety under Trog
  5300 | D:8      | Reached skill level 14 in Axes
  5634 | D:8      | Received a gift from Trog
  5934 | D:8      | Reached XP level 10. HP: 78/78 MP: 3/10
  6042 | D:8      | Reached skill level 15 in Axes
  6265 | D:9      | Gained mutation: You have a pair of small horns on your head. [mutagenic meat]
  6266 | D:9      | Gained mutation: You are resistant to hostile enchantments. [mutagenic meat]
  6267 | D:9      | Gained mutation: Scrolls take you longer to read. [mutagenic meat]
  6268 | D:9      | Gained mutation: Your mind is very acute. (Int +4) [mutagenic meat]
  6269 | D:9      | Gained mutation: Your spells are a little easier to cast, but a little less powerful. [potion of mutation]
  6270 | D:9      | Gained mutation: Your natural rate of healing is unusually fast. [potion of mutation]
  6270 | D:9      | Lost mutation: Your mind is very acute. (Int +4) [potion of mutation]
  6277 | D:9      | Found an opulent altar of Gozag.
  6854 | D:9      | Reached skill level 16 in Axes
  6897 | D:9      | Found a staircase to the Lair.
  7031 | D:9      | Reached skill level 17 in Axes
  7149 | D:10     | Entered Level 10 of the Dungeon
  7158 | D:10     | Reached XP level 11. HP: 84/84 MP: 2/11
  7313 | D:10     | Received a gift from Trog
  7369 | D:10     | Found Baanat's Gadget Boutique.
  7449 | D:10     | Noticed a hill giant
  7465 | D:10     | Killed a hill giant
  7465 | D:10     | Reached skill level 18 in Axes
  7607 | D:10     | Identified a +0 rod of destruction (9/9) (You found it on level 8 of the Dungeon)
  7716 | D:10     | Found a staircase to the Orcish Mines.
  7721 | D:10     | Noticed a hill giant
  7757 | D:10     | Killed a hill giant
  8267 | D:11     | Noticed Fannar
  8297 | D:11     | Killed Fannar
  8297 | D:11     | Reached skill level 10 in Armour
  8537 | D:12     | Reached skill level 19 in Axes
  8731 | D:12     | Reached XP level 12. HP: 91/91 MP: 4/12
  8786 | D:12     | Reached ****** piety under Trog
  8801 | D:12     | Gained mutation: Your body sometimes deteriorates upon taking damage. [mutagenic meat]
  9044 | D:12     | Found Muynioz's Antique Armour Emporium.
  9078 | D:12     | Reached skill level 20 in Axes
  9096 | D:12     | Bought a glowing plate armour for 667 gold pieces
  9213 | D:12     | Killed an unseen horror
  9456 | D:12     | Lost mutation: Your spells are a little easier to cast, but a little less powerful. [mutagenic meat]
  9457 | D:12     | Gained mutation: You expend magic power (3 MP) to strengthen your wands. [mutagenic meat]
  9524 | D:13     | Lost mutation: You expend magic power (3 MP) to strengthen your wands. [mutagenic meat]
  9557 | D:13     | Noticed a centaur warrior
  9578 | D:13     | Killed a centaur warrior
  9754 | D:13     | Got a brightly glowing quarterstaff
  9762 | D:13     | Lost mutation: Scrolls take you longer to read. [mutagenic meat]
  9787 | D:13     | Noticed an ogre mage
  9819 | D:13     | Killed an ogre mage
  9819 | D:13     | Reached skill level 21 in Axes
 10184 | D:13     | Received a gift from Trog
 10203 | D:13     | Lost mutation: You have a pair of small horns on your head. [mutagenic meat]
 10643 | D:14     | Reached XP level 13. HP: 96/96 MP: 13/13
 10647 | D:14     | Reached skill level 22 in Axes
 10687 | D:14     | Lost mutation: Your mind is acute. (Int +2) [mutagenic meat]
 10688 | D:14     | Gained mutation: You have sharp toenails. [mutagenic meat]
 10690 | D:14     | Gained mutation: You are very clumsy. (Dex -4) [mutagenic meat]
 10691 | D:14     | Lost mutation: You can breathe flames. [mutagenic meat]
 10720 | D:14     | Noticed a centaur warrior
 10725 | D:14     | Killed a centaur warrior
 10817 | D:14     | Reached skill level 23 in Axes
 10851 | D:14     | Found a gate to the Vaults.
 10861 | D:14     | Gained mutation: You can breathe flames. [mutagenic meat]
 10862 | D:14     | Lost mutation: Your body sometimes deteriorates upon taking damage. [mutagenic meat]
 10957 | D:14     | Found Kagiuxkyl's Distillery.
 11075 | D:14     | Noticed a centaur warrior
 11097 | D:14     | Killed a centaur warrior
 11279 | D:14     | Noticed a tengu warrior
 11290 | D:14     | Killed a tengu warrior
 11294 | D:14     | Received a gift from Trog
 11297 | D:14     | Got a bloodstained battleaxe {god gift}
 11315 | D:14     | Identified the +5 battleaxe of Fimp {vamp, rC+ MR+} (Trog gifted it to you on level 14 of the Dungeon)
 11403 | D:14     | Noticed Josephine
 11409 | D:14     | Killed Josephine
 11597 | D:14     | Found a glowing silver altar of Zin.
 11598 | D:14     | Noticed an angel
 11614 | D:14     | Killed an angel
 11701 | D:15     | Entered Level 15 of the Dungeon
 11761 | D:15     | Reached skill level 24 in Axes
 11807 | D:15     | Reached XP level 14. HP: 104/104 MP: 11/14
 11819 | D:15     | Noticed a dire elephant
 11824 | D:15     | Slain by a dire elephant

Action                   |  1- 3 |  4- 6 |  7- 9 | 10-12 | 13-15 || total
-------------------------+-------+-------+-------+-------+-------++-------
Melee: Hand axe          |   131 |   221 |   458 |       |       ||   810
       Battleaxe         |       |       |    42 |   438 |    45 ||   525
       Executioner's axe |       |       |       |    34 |   135 ||   169
Invok: Berserk           |     3 |     7 |    12 |    23 |     8 ||    53
       Burn Spellbooks   |     1 |       |     2 |     1 |       ||     4
       Brothers in Arms  |       |       |       |       |     3 ||     3
       Trog's Hand       |       |       |       |       |     2 ||     2
Evoke: Wand              |       |       |       |       |     1 ||     1
       Fan of gales      |       |       |       |       |     1 ||     1
  Use: Scroll            |       |       |    15 |    14 |     1 ||    30
       Potion            |       |       |     8 |     2 |     3 ||    13
  Eat: Chunk             |     4 |    12 |    21 |    45 |    18 ||   100
       Fruit             |       |       |     1 |     9 |       ||    10
       Beef jerky        |       |       |     1 |     2 |     2 ||     5
       Royal jelly       |       |       |     1 |       |     1 ||     2
       Pizza             |       |       |       |       |     3 ||     3
